 Dungeon Crawl Stone Soup version 0.31.0-9-g3a7656b989 (webtiles) character file.

Game seed: 3789846417458020641

10713 Gottschkopf the Warmonger (level 11, -10/99 HPs)
             Began as a Minotaur Fighter on Jan 26, 2024.
             Was a High Priest of Okawaru.
             Mangled by Urug
             ... wielding a +4 long sword
              (22 damage)
             ... on level 1 of the Lair of Beasts.
             The game lasted 00:28:44 (10130 turns).

Gottschkopf the Warmonger (Minotaur Fighter)       Turns: 10130, Time: 00:28:45

Health: -10/99     AC: 20    Str: 23    XL:     11   Next: 39%
Magic:  12/17      EV:  8    Int:  4    God:    Okawaru [*****.]
Gold:   487        SH:  6    Dex: 15    Spells: 10/10 levels left

rFire   . . .        w - +1 flail (protect)
rCold   . . .        c - +0 buckler
rNeg    + . .        h - +0 chain mail
rPois   .            (helmet restricted)
rElec   .            (no cloak)
rCorr   .            r - +0 pair of gloves
SInv    .            (no boots)
Will    .....        B - amulet of the acrobat Stlth
                     t - ring of positive energy
HPRegen 0.36/turn    (no ring)
MPRegen 0.15/turn

%: acrobat, clarity
@: finesse-ful, under a protective aura
A: horns 2, retaliatory headbutt, agile 1, clarity
a: Renounce Religion, Heroism, Finesse, Duel


You were on level 1 of the Lair of Beasts.
You worshipped Okawaru.
Okawaru was extremely pleased with you.
You visited 3 branches of the dungeon, and saw 12 of its levels.

You collected 487 gold pieces.

Inventory:

Hand Weapons
 b - a +1 mace of protection
 w - a +1 flail of protection (weapon)
 F - a +0 great mace
 H - a +0 dire flail
Missiles
 x - 2 boomerangs (quivered)
 E - 2 silver javelins
 G - a javelin
Armour
 c - a +0 buckler (worn)
 h - a +0 chain mail (worn)
 r - a +0 pair of gloves (worn)
Magical Staves
 C - a staff of fire
Jewellery
 t - a ring of positive energy (left hand)
 B - an amulet of the acrobat (around neck)
Wands
 a - a wand of polymorph (8)
 i - a wand of iceblast (8)
 u - a wand of flame (11)
 z - a wand of digging (3)
Scrolls
 d - 2 scrolls of poison {unknown}
 f - 4 scrolls of teleportation {unknown}
 j - 2 scrolls of butterflies {unknown}
 k - 4 scrolls of immolation {unknown}
 m - 3 scrolls of enchant weapon {unknown}
 o - a scroll of revelation {unknown}
 s - a scroll of enchant armour {unknown}
 y - a scroll of fog {unknown}
Potions
 e - 3 potions of heal wounds
 g - 6 potions of curing
 l - a potion of lignification
 n - a potion of magic {unknown}
 p - 3 potions of ambrosia
 q - a potion of mutation
 v - a potion of berserk rage
 A - 2 potions of resistance
 D - a potion of invisibility


   Skills:
 - Level 9.8 Fighting
 + Level 9.7 Maces & Flails
 + Level 9.8 Armour
 + Level 9.7 Shields
 - Level 9.9 Invocations


You had 10 spell levels left.
You didn't know any spells.
Your spell library contained the following spells:

 Spells                   Type           Power      Damage    Failure   Level
 Apportation              Tloc           0%         N/A       96%         1
 Necrotise                Necr           0%         1d4       96%         1
 Sting                    Conj/Alch      0%         1d3       96%         1
 Cigotuvi's Dreadful Rot  Necr/Alch/Air  0%         N/A       99%         2
 Ensorcelled Hibernation  Hex/Ice        0%         N/A       99%         2
 Fugue of the Fallen      Necr           0%         N/A       100%        3
 Hailstorm                Conj/Ice       0%         3d5       100%        3
 Teleport Other           Tloc           0%         N/A       100%        3
 Anguish                  Hex/Necr       0%         N/A       100%        4
 Ignite Poison            Fire/Alch      0%         N/A       100%        4
 Fireball                 Conj/Fire      0%         3d3       100%        5
 Freezing Cloud           Conj/Ice/Air   0%         6-21      100%        5
 Summon Small Mammal      Summ           Unusable   N/A       N/A         1

Dungeon Overview and Level Annotations

Branches:
Dungeon (9/15)             Temple (1/1) D:4            Lair (2/5) D:9
    Orc (0/2) D:9
  Swamp: Lair:2-3    Shoals: Lair:2-3     Snake: Lair:2-3    Spider: Lair:2-3

Altars:
Ashenzari
Cheibriados
Dithmenos
Elyvilon
Fedhas
Gozag
Hepliaklqana
Kikubaaqudgha
Makhleb
Nemelex Xobeh
Okawaru
Qazlal
Ru
Sif Muna
Trog
Uskayaw
Vehumet
Wu Jian
Xom
Yredelemnul
Zin
The Shining One

Shops:
D:3 [   D:6 (   D:7 *

Annotations:
D:7 3 runed translucent doors, AlterAsc's ghost, amateur DsFi
Lair:1 Urug


Innate Abilities, Weirdness & Mutations

You have a pair of horns on your head.
You reflexively headbutt those who attack you in melee.
You are agile. (Dex +4, Str/Int -1)
You possess an exceptional clarity of mind.


Message History

Urug is lightly wounded.
A komodo dragon comes into view.
Urug hits you but does no damage.
You closely miss Urug. Your headbutt misses Urug.
Urug is lightly wounded.
You block Urug's attack.
You hit Urug.
Urug is lightly wounded.
Urug closely misses you. You furiously retaliate!
You headbutt Urug! You barely miss Urug.
Urug is moderately wounded.
You block Urug's attack.
You hit Urug. You headbutt Urug.
Urug is heavily wounded.
Urug hits you but does no damage.
You closely miss Urug.
Urug is heavily wounded.
The komodo dragon bites you! Urug hits you with a +4 long sword!
You closely miss Urug.
Urug is heavily wounded.
The komodo dragon closely misses you. You furiously retaliate!
You headbutt the komodo dragon! Urug hits you with a +4 long sword!!
You hit Urug. You headbutt Urug.
Urug is heavily wounded.
The komodo dragon closely misses you.
You can now deal lightning-fast blows.
Urug hits you but does no damage. The komodo dragon bites you!
You hit Urug. You headbutt Urug.
Urug is severely wounded.
Urug hits you with a +4 long sword!
* * * LOW HITPOINT WARNING * * *
You closely miss Urug.
Urug is severely wounded.
The komodo dragon bites you.
* * * LOW HITPOINT WARNING * * *
You barely miss Urug.
Urug is severely wounded.
Urug hits you with a +4 long sword!!
You die...
Urug screams, "Revenge at last!"

....... .........
......... .. .........
...
#.......########..#.....
#.......#.........#....#
#.......#..............#
..................+....#
#...(.l@..........#.....
......o.##+.#######.....
####...................#
.......##.##.####.....#
...#.....## ### ##....#
#. #.$... #..... .
#....# #.....
#....###.#######.....
................#


You could see Urug and a komodo dragon.

Vanquished Creatures
  A two-headed ogre (D:9)
  2 cane toads (Lair:1)
  2 unseen horror zombies (D:8)
  2 burning bushes (Lair:1)
  7 blink frogs (Lair:1)
  16 yaks
  A basilisk (Lair:1)
  2 steam dragons
  2 swamp worms (D:9)
  5 water moccasins
  5 orc warriors
  A hornet zombie (D:8)
  4 ogres
  A black bear (D:9)
  A centaur (D:9)
  2 kobold brigands
  Blork the orc (D:6)
  A wyvern zombie (D:8)
  7 bullfrogs
  3 scorpions
  10 wights
  7 killer bees
  2 howler monkeys (D:9)
  2 crimson imps
  2 bombardier beetles
  2 centaur zombies (D:8)
  4 hounds
  2 jellies
  An orc priest (D:6)
  2 gnoll boudas
  4 iguanas
  7 orc wizards
  2 killer bee zombies (D:8)
  A howler monkey zombie (D:8)
  9 gnolls
  9 adders
  A shadow imp (D:8)
  A white imp (D:5)
  A ribbon worm (D:3)
  4 dart slugs
  24 orcs
  10 ball pythons
  7 endoplasms
  4 giant cockroaches
  9 goblins
  5 hobgoblins
  6 jackals
  A quokka (D:1)
  5 bats
  2 frilled lizards
  A goblin zombie (D:6)
  2 hobgoblin zombies (D:6)
  15 kobolds
  A kobold skeleton (D:6)
  2 orc skeletons (D:6)
  2 orc zombies (D:6)
  6 rats
  A butterfly (D:5)
242 creatures vanquished.

Vanquished Creatures (others)
  An adder (D:4)
1 creature vanquished.

Grand Total: 243 creatures vanquished

Notes
Turn   | Place    | Note
-------+----------+-------------------------------------------
     0 | D:1      | Gottschkopf the Minotaur Fighter began the quest for the
                  | Orb.
     0 | D:1      | Reached XP level 1. HP: 19/19 MP: 0/0
   386 | D:1      | Reached XP level 2. HP: 26/28 MP: 1/1
   694 | D:1      | Reached skill level 5 in Fighting
  1120 | D:2      | Reached XP level 3. HP: 31/36 MP: 2/2
  1257 | D:2      | Found a faded altar of an unknown god.
  1260 | D:2      | Prayed at the altar of an unknown god.
  1260 | D:2      | Became a worshipper of Vehumet
  1260 | D:2      | Reached * piety under Vehumet
  1260 | D:2      | Offered knowledge of Shock by Vehumet.
  1309 | D:2      | Fell from the grace of Vehumet
  1744 | D:3      | Got Sif Muna's Enchiridion on Prime Location
  1801 | D:3      | Reached XP level 4. HP: 44/44 MP: 3/3
  1966 | D:3      | Found Aqaefad's Armour Boutique.
  2303 | D:3      | Found an iron altar of Okawaru.
  2317 | D:3      | Became a worshipper of Warmaster Okawaru
  2444 | D:4      | Found a staircase to the Ecumenical Temple.
  2454 | Temple   | Entered the Ecumenical Temple
  2502 | D:4      | Reached XP level 5. HP: 35/52 MP: 4/4
  2635 | D:4      | Noticed an ogre
  2643 | D:4      | Killed an ogre
  2740 | D:4      | Reached * piety under Okawaru
  2746 | D:4      | Reached XP level 6. HP: 19/60 MP: 5/5
  3054 | D:4      | Found a hide-covered altar of Uskayaw.
  3174 | D:4      | Noticed a steam dragon
  3193 | D:4      | Killed a steam dragon
  3194 | D:4      | Reached skill level 5 in Armour
  3194 | D:4      | Reached skill level 5 in Shields
  3386 | D:5      | Entered Level 5 of the Dungeon
  3427 | D:5      | Reached XP level 7. HP: 62/68 MP: 6/6
  3760 | D:5      | Found a sacrificial altar of Ru.
  4047 | D:5      | Found a radiant altar of Vehumet.
  4077 | D:5      | Found a white marble altar of Elyvilon.
  4113 | D:5      | Found a snail-covered altar of Cheibriados.
  4331 | D:6      | Found Dontiof's Weapon Emporium.
  4387 | D:6      | Reached ** piety under Okawaru
  4525 | D:6      | Reached XP level 8. HP: 58/78 MP: 7/7
  4596 | D:6      | Found a glowing golden altar of the Shining One.
  4772 | D:6      | Noticed Blork the orc
  4778 | D:6      | Killed Blork the orc
  5167 | D:7      | Reached *** piety under Okawaru
  5225 | D:7      | Found a runed translucent gate.
  5226 | D:7      | Found a runed translucent gate.
  5227 | D:7      | Found a runed translucent gate.
  5227 | D:7      | Noticed a slime creature
  5229 | D:7      | Noticed AlterAsc's ghost (amateur DsFi)
  5504 | D:7      | Found Hueb's General Store.
  5605 | D:7      | Found a bloodstained altar of Trog.
  6047 | D:8      | Reached skill level 5 in Maces & Flails
  6050 | D:8      | Reached XP level 9. HP: 66/85 MP: 8/8
  6281 | D:8      | Reached **** piety under Okawaru
  6514 | D:8      | Reached skill level 1 in Invocations
  6562 | D:8      | Gained mutation: You possess an exceptional clarity of
                  | mind. [potion of mutation]
  6562 | D:8      | Gained mutation: You are agile. (Dex +4, Str/Int -1)
                  | [potion of mutation]
  6638 | D:8      | Found a glowing silver altar of Zin.
  6799 | D:8      | Was forgiven by Vehumet
  6904 | D:8      | Reached skill level 5 in Invocations
  7191 | D:8      | Found a burning altar of Makhleb.
  7373 | D:9      | Found a staircase to the Orcish Mines.
  7465 | D:9      | Reached XP level 10. HP: 42/93 MP: 8/14
  7752 | D:9      | Reached ***** piety under Okawaru
  8005 | D:9      | Received a gift from Okawaru
  8067 | D:9      | Found a staircase to the Lair.
  8169 | Lair:1   | Entered Level 1 of the Lair of Beasts
  8569 | D:9      | Noticed a two-headed ogre
  8580 | D:9      | Killed a two-headed ogre
  9008 | Lair:1   | Received a gift from Okawaru
  9009 | Lair:1   | Reached XP level 11. HP: 97/99 MP: 17/17
 10109 | Lair:1   | Noticed Urug
 10130 | Lair:1   | Mangled by Urug

Illustrated notes

Levels and vault maps discovered:
D:1:      onia_arrival_mini_maze_b, layout_basic
D:2:      layout_basic, hellmonk_ecumenical_altar_inner_sanctum, st_stairs_7,
          chequers_serial_rivers_large_a
D:3:      layout_loops_ring, okawaru_trees_1, serial_shops, shop,
          kennysheep_cross_bottleneck
D:4:      layout_cave_pools, mainiacjoe_overflow_alcove_2,
          minmay_temple_entry_waves, serial_bayou_pond_d
D:5:      layout_rooms, nicolae_elyvilon_peaceful_grove, cheibriados_altar_1,
          mainiacjoe_overflow_paths, mainiacjoe_overflow_surrounded_room,
          minmay_fountain_box
D:6:      layout_rooms, nicolae_tso_besieged_by_evil, serial_shops, shop,
          minmay_misc_feat_secret_circle, uniq_blork_the_orc
D:7:      layout_basic, old_standard_altar, serial_shops,
          nicolae_shop_just_a_little_nook, gammafunk_ghost_split,
          dreamdust_princess_bridge
D:8:      layout_loops_ring, makhleb_grotto_becter, zin_treasury, serial_undead,
          serial_undead_b, serial_undead_f, serial_undead_d, serial_undead_a
D:9:      layout_loops_cross, due_lair_maze_entry_diamond, orc_0_dummy,
          chequers_avenue, corexii_checkpoint, worms_lemuel
Temple:   nicolae_temple_bog_church
Lair:1:   layout_chaotic_city, evilmike_ambush [evilmike_ambush_outer_pillars,
          evilmike_ambush_inner_cross], serial_bayou_shore_b, uniq_urug
Lair:2:   layout_cave_pods, dummy_spider_entry, serial_bayou_shore_a,
          infiniplex_staircase_pool, grunt_megastairs_5

Skill      XL: |  1  2  3  4  5  6  7  8  9 10 11 |
---------------+----------------------------------+-----
Fighting       | 4 5 6 7 8 9 |  9.8
Armour         | 4 5 6 7 8 9 |  9.8
Shields        | 4 5 6 7 8 9 |  9.7
Maces & Flails | 5 7 8 9 |  9.7
Invocations    | 7 9 |  9.9

Action                     |  1- 3 |  4- 6 |  7- 9 | 10-12 || total
---------------------------+-------+-------+-------+-------++-------
  Melee: Flail             |    26 |       |   210 |   298 ||   534
         Headbutt          |     7 |    18 |    80 |    74 ||   179
         Mace              |    72 |   112 |   120 |       ||   304
 Invoke: Renounce Religion |     1 |       |       |       ||     1
         Finesse           |       |       |     1 |     2 ||     3
  Evoke: Wand              |       |       |     1 |       ||     1
    Use: Potion            |       |     1 |     2 |     1 ||     4
         Scroll            |       |       |     8 |     1 ||     9
 Armour: Scale mail        |     6 |       |       |       ||     6
         Chain mail        |    72 |   125 |   328 |   245 ||   770
  Dodge: Dodged            |    47 |    51 |   150 |   108 ||   356
  Block: Buckler           |    25 |    30 |    96 |    68 ||   219
